 Dungeon Crawl Stone Soup version 0.27.1 (webtiles) character file.

Game seed: 11480615561505764953

39 greenlake the Poker (level 3, -1/29 HPs)
             Began as a Demonspawn Gladiator on Aug 31, 2021.
             Slain by a gnoll (12 damage)
             ... on level 2 of the Dungeon.
             The game lasted 00:02:44 (1615 turns).

greenlake the Poker (Demonspawn Gladiator)          Turns: 1615, Time: 00:02:45

Health: -1/29      AC:  3    Str: 15    XL:     3   Next: 26%
Magic:  3/3        EV: 12    Int:  9    God:
Gold:   38         SH:  0    Dex: 14    Spells: 2/2 levels left

rFire    . . .     SeeInvis .   a - +0 trident
rCold    . . .     Faith    .   (no shield)
rNeg     . . .     Spirit   .   b - +0 leather armour
rPois    .         Reflect  .   (helmet restricted)
rElec    .         Harm     .   (no cloak)
rCorr    .         Rampage  .   (no gloves)
Will     .....                  (no boots)
Stlth    +.........             g - amulet of the acrobat
HPRegen  0.09/turn              (no ring)
MPRegen  0.08/turn              (no ring)

@: no status effects
A: antennae 1
a: no special abilities


You were on level 2 of the Dungeon.
You visited 1 branch of the dungeon, and saw 2 of its levels.

You collected 38 gold pieces.

Inventory:

Hand Weapons
 a - a +0 trident (weapon)
Missiles
 d - 3 throwing nets (quivered)
 f - 10 poisoned darts
Armour
 b - a +0 leather armour (worn)
 c - a +0 helmet
Jewellery
 g - an amulet of the acrobat (around neck)
Scrolls
 e - a scroll of silence {unknown}
 h - a scroll of amnesia {unknown}
 i - a scroll of brand weapon {unknown}
 j - a scroll of identify {unknown}
Potions
 k - a potion of attraction {unknown}


   Skills:
 + Level 3.0 Fighting
 + Level 3.4 Polearms
 - Level 1.7 Throwing
 - Level 2.6 Dodging


You had 2 spell levels left.
You didn't know any spells.
Your spell library contained the following spells:

 Spells                   Type           Power      Damage    Failure   Level
 Animate Skeleton         Necr           0%         N/A       45%         1
 Pain                     Necr           0%         1d4       45%         1
 Vampiric Draining        Necr           0%         2d6       83%         3
 Animate Dead             Necr           0%         N/A       99%         4
 Shadow Creatures         Summ           N/A        N/A       100%        6
 Monstrous Menagerie      Summ           0%         N/A       100%        7


Dungeon Overview and Level Annotations

Branches:
Dungeon (2/15)

Altars:
Hepliaklqana


Innate Abilities, Weirdness & Mutations

You have a pair of small antennae on your head.


Message History

You feel stronger.
A bat and a gnoll come into view.
The gnoll shouts!
You hear a shout! 2 gnolls come into view.
A gnoll is wielding a +1 vampiric halberd.
The gnoll shouts! x2
The bat completely misses you. The bat misses you.
A gnoll comes into view. It is wielding a +0 club.
You hit the bat.
You kill the bat!
A gnoll is nearby!
The gnoll hits you from afar with a +0 spear.
The gnoll misses you. The gnoll closely misses you.
You puncture the gnoll!
The gnoll is severely wounded.
The gnoll misses you. The gnoll hits you with a +0 spear.
You closely miss the gnoll.
The gnoll is severely wounded.
The gnoll barely misses you. x2
You closely miss the gnoll.
The gnoll is severely wounded.
The gnoll barely misses you. The gnoll hits you with a +0 spear.
You hit the gnoll.
You kill the gnoll!
The gnoll misses you.
Your Fighting skill increases to level 3!
The gnoll completely misses you. The gnoll barely misses you.
You hit the gnoll.
The gnoll is heavily wounded.
The gnoll closely misses you. The gnoll barely misses you.
You barely miss the gnoll.
The gnoll is heavily wounded.
The gnoll closely misses you. x2; The gnoll hits you with a +0 spear.
You hit the gnoll but do no damage.
The gnoll is heavily wounded.
The gnoll misses you. The gnoll hits you with a +0 spear.
You puncture the gnoll!
You kill the gnoll!
The gnoll hits you from afar with a +1 vampiric halberd!
You die...

#.........#
#...#.#.#.#.#
#.#.........#
#.#.#.#.#.#.#
#.#.........# #
#.#.#.#.#.#.## #
#............# #
######...#.#.#.#..# #
#gg)@.............###
#.####...............
#.# #.........#####.
#g# #.........# #.
#.# #.........# #.
#g# #.....†...# #.
#g# #.(.......#####.
#g####.........##....
..##...........##....


You could see 2 gnolls.

Vanquished Creatures
  2 gnolls (D:2)
  2 dart slugs (D:1)
  An endoplasm (D:1)
  A giant cockroach (D:1)
  2 goblins (D:1)
  4 hobgoblins
  A quokka (D:1)
  A ball python (D:2)
  6 bats
  A kobold (D:2)
  6 rats
27 creatures vanquished.

Notes
Turn   | Place    | Note
-------+----------+-------------------------------------------
     0 | D:1      | greenlake the Demonspawn Gladiator began the quest for the
                  | Orb.
     0 | D:1      | Reached XP level 1. HP: 16/16 MP: 1/1
   337 | D:1      | Gained mutation: You have a pair of small antennae on your
                  | head. [demonic ancestry]
   337 | D:1      | Reached XP level 2. HP: 23/23 MP: 2/2
  1103 | D:2      | Found a hazy altar of Hepliaklqana.
  1539 | D:2      | Got the Handbook of the Entourage and Black Magic
  1580 | D:2      | Reached XP level 3. HP: 28/28 MP: 3/3
  1615 | D:2      | Slain by a gnoll

Illustrated notes

Levels and vault maps discovered:
D:1:      kennysheep_arrival_forest, layout_loops_ring, grunt_decor_mini_mirrors
D:2:      layout_basic, serial_glass, glass_columns_c, glass_columns_b,
          basic_altar

Skill      XL: |  1  2  3 |
---------------+----------+-----
Polearms       | 3 |  3.4
Fighting       | 3 |  3.0
Throwing       | |  1.7
Dodging        | |  2.6

Action                   || total
-------------------------++-------
Melee: Trident           ||    81
 Stab: Sleeping          ||     2
Armor: Leather armour    ||    24
Dodge: Dodged            ||    82
